 Dungeon Crawl Stone Soup version 0.22.1-2-g9c5b331 (webtiles) character file.

5532 Monii the Cleaver (level 10, -12/90 HPs)
             Began as a Hill Orc Monk on Dec 14, 2018.
             Was an Elder of Beogh.
             Mangled by a death yak (16 damage)
             ... on level 8 of the Dungeon.
             The game lasted 00:33:40 (10107 turns).

Monii the Cleaver (Hill Orc Monk)                  Turns: 10107, Time: 00:33:41

Health: -12/90     AC: 24    Str: 23    XL:     10   Next: 71%
Magic:  10/11      EV: 10    Int: 10    God:    Beogh [****..]
Gold:   375        SH:  3    Dex: 13    Spells: 9/9 levels left

rFire    + . .     SeeInvis .   o - +0 war axe (protect)
rCold    . . .     Gourm    .   (no shield)
rNeg     . . .     Faith    .   e - +2 chain mail {rF+}
rPois    +         Spirit   .   (no helmet)
rElec    .         Reflect  +   v - +0 cloak (curse)
rCorr    .         Harm     .   B - +0 pair of gloves
MR       .....     Rnd*Tele +   s - +0 pair of boots
Stlth    ..........             A - +3 amulet of reflection
HPRegen  0.25/turn              l - ring of wizardry
MPRegen  0.12/turn              t - ring of teleportation (curse)

@: mighty, protection aura
A: high mp 1, poison resistance
a: Smiting, Recall Orcish Followers, Renounce Religion


You were on level 8 of the Dungeon.
You worshipped Beogh.
Beogh was greatly pleased with you.
You were not hungry.

You visited 1 branch of the dungeon, and saw 9 of its levels.
You also visited: Sewer.

You collected 375 gold pieces.

Inventory:

Hand Weapons
 a - a +1 hand axe
 g - a +2 dagger of electrocution
 n - a +0 mace
 o - a +0 war axe of protection (weapon)
 u - a +2 trident of protection
Armour
 e - a +2 chain mail of fire resistance (worn)
 h - a +1 chain mail of poison resistance
 s - a +0 pair of boots (worn)
 v - a cursed +0 cloak (worn)
 B - a +0 pair of gloves (worn)
Jewellery
 l - a ring of wizardry (left hand)
 r - an uncursed amulet of the gourmand {unknown}
 t - a cursed ring of teleportation (right hand)
 A - a +3 amulet of reflection (around neck)
Wands
 i - a wand of flame (60)
 y - a wand of iceblast (6)
Scrolls
 d - 8 scrolls of identify
 j - 2 scrolls of amnesia
 x - a scroll of brand weapon
Potions
 b - 4 potions of brilliance
 k - a potion of flight
 p - a potion of agility
 q - a potion of might
Comestibles
 c - 22 rations


   Skills:
 + Level 8.9 Fighting
 + Level 14.0 Axes
 + Level 8.7 Armour
 + Level 4.0 Dodging
 + Level 2.2 Stealth
 + Level 0.7 Evocations


You had 9 spell levels left.
You didn't know any spells.
Your spell library contained the following spells:

 Spells                   Type           Power        Failure   Level  Hunger
 Confusing Touch          Hex            #.....       65%         1    ##.....
 Confuse                  Hex            #.......     93%         3    ####...
 Gell's Gravitas          Tloc           #.........   93%         3    ####...
 Petrify                  Tmut/Erth      #.......     100%        4    #####..
 Metabolic Englaciation   Hex/Ice        #.........   100%        5    ######.
 Yara's Violent Unravell  Hex/Tmut       #.........   100%        5    ######.


Dungeon Overview and Level Annotations

Branches:
Dungeon (9/15)             Temple (0/1) D:7             Orc (0/2) D:9
   Lair: D:8-11

Altars:
Cheibriados
Dithmenos
Elyvilon
Fedhas
Hepliaklqana
Okawaru
Qazlal
Sif Muna
Uskayaw
Vehumet
Wu Jian
Xom
The Shining One

Annotations:
D:4 1 runed door, bmj180's ghost, amateur MiFi
D:5 1 runed door


Innate Abilities, Weirdness & Mutations

You have an increased reservoir of magic. (+10% MP)
Your system is resistant to poisons. (rPois)


Message History

The death yak is severely wounded.
You barely miss the death yak.
Your orc warrior hits the death yak with an enchanted battleaxe!
The death yak gores you but does no damage.
The death yak gores your orc warrior!!
You slash the death yak!
The death yak is severely wounded.
You hit the death yak but do no damage.
The death yak gores you but does no damage.
Your orc warrior hits the death yak with an enchanted battleaxe!
You slice the death yak!!
The death yak is almost dead.
Your chain mail prevents you from hitting the death yak.
The death yak gores you!
* * * LOW HITPOINT WARNING * * *
The death yak gores you!
* * * LOW HITPOINT WARNING * * *
You feel very mighty all of a sudden. The death yak gores you!
You die...

# #.........# # #.........#
##### #.........# ### ....#
#.........# #.# ###.####
#.........# #.#
#....####.........###.#
#####........>o....#...#
#...######....Y....#.#.# ##.###
#[...Y@.....#.# #..##
##.............#
....######.........#..###
###........##.........#
##.........##.#####...#########
[..######.....##
#......#.....## ####
###....###........†....## #
#..##..................#
#.#####................#


You could see 2 death yaks and a friendly orc warrior.

Vanquished Creatures
  2 death yaks (D:9)
  Sigmund (D:6)
  A wyvern (D:8)
  3 orc warriors (D:9)
  A black bear (D:6)
  2 phantoms
  2 sky beasts
  2 necrophages
  6 ogres
  A centaur (D:5)
  A crocodile (D:8)
  7 big kobolds
  4 bullfrogs
  2 gnoll sergeants (D:9)
  4 scorpions
  A wight (D:8)
  A crimson imp (D:5)
  2 bullfrog zombies
  2 hounds
  2 jellies (D:8)
  An iron imp (D:6)
  2 bullfrog skeletons
  6 iguanas
  2 orc wizards (D:3)
  7 worker ants
  2 hound zombies
  A hound skeleton (D:5)
  3 gnolls (D:9)
  14 adders
  2 river rats (Sewer)
  11 oozes
  2 adder skeletons
  3 worms
  A dart slug (D:3)
  2 leopard geckos
  11 orcs
  5 ball pythons
  6 giant cockroaches
  7 goblins
  7 hobgoblins
  9 jackals
  6 quokkas
  9 bats
  A frilled lizard (D:5)
  2 goblin zombies (D:6)
  2 hobgoblin zombies (D:6)
  A jackal skeleton (D:4)
  14 kobolds
  A kobold skeleton (D:6)
  A leopard gecko skeleton (D:6)
  3 orc skeletons (D:6)
  3 orc zombies (D:6)
  2 quokka skeletons
  9 rats
205 creatures vanquished.

Vanquished Creatures (collateral kills)
  A troll (D:9)
  A water moccasin (D:8)
  A big kobold (D:9)
  A bullfrog (D:8)
  A quasit (D:8)
  2 hounds
  A worker ant (D:8)
  A hound skeleton (D:8)
  2 gnolls (D:9)
  3 jackals (D:8)
14 creatures vanquished.

Vanquished Creatures (others)
  3 orc warriors (D:9)
  A black bear (D:8)
  A bullfrog zombie (D:6)
  2 jellies (D:8)
  An orc wizard (D:8)
  A worker ant (D:6)
  A gnoll (D:8)
  A leopard gecko (D:6)
  3 orcs
14 creatures vanquished.

Grand Total: 233 creatures vanquished

Notes
Turn   | Place    | Note
-------+----------+-------------------------------------------
     0 | D:1      | Monii the Hill Orc Monk began the quest for the Orb.
     0 | D:1      | Reached XP level 1. HP: 19/19 MP: 1/1
   203 | D:1      | Reached XP level 2. HP: 24/27 MP: 2/2
   937 | D:2      | Reached XP level 3. HP: 23/33 MP: 3/3
  1598 | D:2      | Reached XP level 4. HP: 40/41 MP: 4/4
  2060 | D:3      | Found a hazy altar of Hepliaklqana.
  2080 | D:3      | Reached skill level 1 in Armour
  2100 | D:3      | Reached XP level 5. HP: 29/47 MP: 5/5
  2191 | D:3      | Noticed a hand axe
  2192 | D:3      | Noticed a hand axe
  2202 | D:3      | Reached skill level 5 in Axes
  2217 | D:3      | Found a hide-covered altar of Uskayaw.
  2681 | D:3      | Reached skill level 6 in Axes
  2681 | D:3      | Reached XP level 6. HP: 50/55 MP: 6/6
  2710 | D:3      | Found a stormy altar of Qazlal.
  2901 | D:3      | Found a blossoming altar of Fedhas.
  3310 | D:4      | Reached skill level 5 in Fighting
  3802 | D:4      | Found an iron altar of Okawaru.
  3861 | D:4      | Found a snail-covered altar of Cheibriados.
  3894 | D:4      | Reached XP level 7. HP: 41/61 MP: 7/7
  4122 | D:4      | Found a white marble altar of Elyvilon.
  4278 | D:4      | Found a runed door.
  4278 | D:4      | Noticed bmj180's ghost (amateur MiFi)
  4348 | D:5      | Entered Level 5 of the Dungeon
  4607 | D:5      | Reached skill level 7 in Axes
  4914 | D:5      | Reached skill level 8 in Axes
  4945 | D:5      | Reached XP level 8. HP: 65/68 MP: 8/8
  4951 | D:5      | Found an iron altar of Okawaru.
  5153 | D:5      | Found a runed door.
  5486 | D:6      | Found a glowing drain.
  5503 | Sewer    | Entered a sewer
  5785 | Sewer    | Reached skill level 5 in Armour
  6002 | Sewer    | Reached skill level 9 in Axes
  6312 | D:6      | Became a worshipper of Beogh the Brigand
  6312 | D:6      | Reached * piety under Beogh
  6312 | D:6      | Reached ** piety under Beogh
  6324 | D:6      | Reached skill level 10 in Axes
  6434 | D:6      | Reached XP level 9. HP: 27/77 MP: 9/9
  6847 | D:6      | Found a glowing golden altar of the Shining One.
  6885 | D:6      | Noticed Sigmund
  6894 | D:6      | Killed Sigmund
  6923 | D:6      | Reached skill level 11 in Axes
  7188 | D:7      | Found a radiant altar of Vehumet.
  7517 | D:7      | Found a shadowy altar of Dithmenos.
  7569 | D:7      | Found a deep blue altar of Sif Muna.
  7586 | D:7      | Found a staircase to the Ecumenical Temple.
  7832 | D:7      | Found an ornate altar of the Wu Jian Council.
  8292 | D:8      | Reached *** piety under Beogh
  8666 | D:8      | Found a shimmering altar of Xom.
  8680 | D:8      | Reached skill level 12 in Axes
  8962 | D:9      | Found a shimmering altar of Xom.
  8963 | D:9      | Noticed a death yak
  8963 | D:9      | Noticed a death yak
  8970 | D:9      | Noticed a death yak
  8973 | D:9      | Noticed a death yak
  9179 | D:9      | Killed a death yak
  9179 | D:9      | Reached skill level 13 in Axes
  9179 | D:9      | Reached XP level 10. HP: 42/86 MP: 10/10
  9197 | D:9      | Gained mutation: You have a pair of small antennae on your
                  | head. [potion of mutation]
  9197 | D:9      | Lost mutation: You have a pair of small antennae on your
                  | head. [potion of mutation]
  9197 | D:9      | Gained mutation: Your system is resistant to poisons.
                  | (rPois) [potion of mutation]
  9197 | D:9      | Gained mutation: You have an increased reservoir of magic.
                  | (+10% MP) [potion of mutation]
  9456 | D:9      | Killed a death yak
  9840 | D:9      | Found a staircase to the Orcish Mines.
  9929 | D:9      | Reached **** piety under Beogh
  9969 | D:9      | Reached skill level 14 in Axes
 10106 | D:8      | HP: 4/90 [death yak (8)]
 10107 | D:8      | Mangled by a death yak

Skill      XL: |  1  2  3  4  5  6  7  8  9 10 |
---------------+-------------------------------+-----
Fighting       | 4 5 6 7 8 |  8.9
Dodging        | 3 4 |  4.0
Armour         | 1 2 3 4 6 7 8 |  8.7
Axes           | 6 8 10 13 14 | 14.0
Stealth        | 2 |  2.2
Evocations     | |  0.7

Action                   |  1- 3 |  4- 6 |  7- 9 | 10-12 || total
-------------------------+-------+-------+-------+-------++-------
Melee: Hand axe          |   126 |   259 |   134 |       ||   519
       War axe           |       |       |   454 |   147 ||   601
Invok: Convert to Beogh  |       |       |     1 |       ||     1
       Recall Orcish Fol |       |       |       |     1 ||     1
Evoke: Wand              |       |     1 |     3 |     6 ||    10
  Use: Scroll            |     2 |     6 |     5 |     2 ||    15
       Potion            |       |       |     2 |     6 ||     8
  Eat: Chunk             |     2 |     7 |    12 |     3 ||    24
       Ration            |       |       |     2 |       ||     2
Armor: Ring mail         |    46 |    10 |       |       ||    56
       Robe              |     1 |       |       |       ||     1
       Chain mail        |       |   155 |   346 |    84 ||   585
Dodge: Dodged            |    75 |    97 |   192 |    52 ||   416
Block: Other             |       |       |     7 |    17 ||    24
